Map: Затон РВ

Players

Elazer - Winner!

  • Race: Zerg Zerg
  • Spawn Location: 5:00

bly

  • Race: Zerg Zerg
  • Spawn Location: 11:00

Event: WESG 2017 Haikou

VOD

Have the link to the VOD?

Description

Time

  • Played on: March 15, 2018, 11:35 p.m.
  • Length: 10:25

All games in this series

Show
View Real Time Build Order
Export as new Build Order

Elazer Zerg - Winner!

Build Orders: Pool First, Roach Hydra 

Get SALT Encoding   

  12  0:17  Spawning Pool  
  11  0:22  Drone  
  11  0:27  Drone  
  13  0:31  Drone  
  14  0:44  Overlord  
  14  1:04  Zergling x4  
  16  1:06  Zergling x2  
  17  1:15  Hatchery  
  16  1:18  Zergling x2  
  17  1:28  Zergling x2  
  18  1:35  Queen  
  18  1:39  Zergling x2  
  21  1:48  Overlord  
  21  2:01  Drone  
  23  2:15  Drone  
  23  2:21  Queen  
  24  2:23  Drone  
  24  2:27  Drone  
  26  2:32  Drone  
  27  2:37  Drone  
  27  2:43  Drone  
  27  2:51  Drone  
  27  2:52  Drone x2  
  27  2:55  Drone  
  27  2:57  Queen  
  32  3:01  Drone x2  
  34  3:09  Drone  
  35  3:16  Hatchery  
  35  3:17  Drone  
  35  3:20  Drone  
  35  3:23  Overlord  
  36  3:33  Drone  
  35  3:45  Drone x4  
  35  3:46  Drone  
  35  3:48  Drone  
  40  3:50  Drone  
  41  3:58  Extractor x2, Drone x2  
  41  4:05  Overlord  
  41  4:06  Drone x2  
  43  4:14  Extractor, Drone  
  43  4:15  Overlord, Evolution Chamber  
  42  4:17  Roach Warren  
  42  4:18  Drone x2  
  42  4:19  Drone  
  44  4:25  Drone x2  
  46  4:36  Drone  
  48  4:38  Drone  
  48  4:39  Drone x2  
  48  4:40  Overlord  
  48  4:43  Lair  
  48  4:44  Drone x2  
  48  4:45  Drone x2  
  54  4:47  Evolution Chamber  
  54  4:49  Overlord  
  53  4:57  Extractor  
  53  4:58  Zerg Missile Weapons Level 1  
  53  4:59  Drone x3  
  55  5:07  Overlord  
  55  5:08  Drone x2  
  55  5:09  Drone x2  
  55  5:10  Drone x2  
  61  5:15  Roach x2  
  61  5:16  Roach  
  61  5:18  Roach  
  61  5:21  Roach  
  71  5:25  Roach x2  
  71  5:27  Overlord  
  75  5:30  Roach  
  75  5:33  Roach x2  
  81  5:38  Overlord  
  81  5:39  Roach  
  81  5:40  Overseer  
  87  5:42  Roach  
  87  5:43  Roach  
  87  5:46  Glial Reconstitution  
  87  5:49  Roach  
  89  5:51  Overlord  
  89  5:55  Extractor, Roach x2  
  92  5:59  Roach x2  
  96  6:11  Roach  
  96  6:12  Roach x4  
  106  6:20  Overlord  
  106  6:21  Drone x8  
  114  6:28  Overlord  
  114  6:29  Extractor, Roach  
  114  6:30  Hydralisk Den  
  114  6:31  Zerg Ground Armor Level 1  
  112  6:42  Ravager  
  112  6:44  Overlord  
  113  6:51  Overlord  
  113  6:53  Drone x4  
  112  6:54  Drone  
  112  6:55  Zerg Missile Weapons Level 2, Drone x2  
  112  6:56  Drone  
  112  6:57  Drone x3  
  119  7:04  Muscular Augments  
  119  7:06  Hydralisk x2  
  123  7:12  Hydralisk x2  
  123  7:15  Hatchery  
  126  7:17  Hydralisk x2  
  126  7:19  Hydralisk  
  126  7:22  Hydralisk x2  
  132  7:27  Overlord x2  
  136  7:31  Roach  
  136  7:34  Spore Crawler  
  136  7:35  Spore Crawler  
  136  7:41  Spore Crawler  
  136  7:44  Hydralisk  
  135  7:45  Overlord  
  135  7:46  Overlord  
  137  7:54  Hydralisk x5  
  144  8:03  Overlord  
  144  8:04  Roach x5  
  154  8:09  Drone  
  154  8:10  Spore Crawler  
  154  8:14  Overlord  
  154  8:16  Grooved Spines  
  154  8:19  Drone  
  155  8:20  Spore Crawler  
  155  8:24  Hydralisk x5  
  164  8:27  Overlord  
  164  8:29  Roach  
  164  8:30  Roach  
  168  8:35  Roach  
  168  8:36  Roach x2  
  168  8:41  Roach x3  
  180  8:49  Roach x4  
  180  8:55  Roach x4  
  194  8:59  Roach x2  
  198  9:03  Roach  
  198  9:13  Roach x2  
  198  9:23  Roach  
  198  9:24  Roach x8  
  172  9:33  Hydralisk x4  
  172  9:36  Hydralisk x3  
  162  9:48  Hydralisk x5  
  162  9:52  Hydralisk  
  166  9:55  Hydralisk  
  154  10:05  Roach  
  154  10:06  Roach x4  
  152  10:10  Drone  
Show
View Real Time Build Order
Export as new Build Order

bly Zerg 

Build Orders: Hatch First 

Get SALT Encoding   

  12  0:01  Drone  
  13  0:12  Overlord  
  13  0:16  Drone  
  14  0:30  Drone  
  14  0:32  Drone  
  14  0:35  Drone  
  17  0:51  Hatchery  
  16  1:06  Spawning Pool  
  16  1:08  Drone  
  16  1:14  Drone  
  16  1:16  Drone  
  18  1:38  Hatchery  
  17  1:53  Spine Crawler, Zergling x2  
  17  1:54  Zergling x4  
  19  1:56  Queen  
  22  2:03  Zergling x2  
  22  2:04  Queen  
  26  2:10  Spine Crawler  
  24  2:20  Zergling x6  
  26  2:31  Drone  
  28  2:40  Overlord  
  26  2:51  Drone x2  
  26  2:53  Overlord  
  27  3:00  Drone x2  
  27  3:05  Drone x4  
  33  3:19  Hatchery  
  32  3:22  Drone  
  33  3:27  Drone x2  
  35  3:34  Drone x3  
  35  3:38  Drone x2  
  37  3:48  Extractor  
  37  3:49  Queen  
  37  3:50  Drone x3, Extractor  
  37  3:54  Drone  
  37  3:55  Drone  
  42  3:57  Drone  
  42  3:59  Extractor  
  42  4:01  Drone  
  43  4:07  Drone  
  44  4:22  Overlord  
  44  4:30  Overlord x2  
  44  4:31  Overlord  
  44  4:34  Drone x4  
  44  4:35  Drone x2  
  44  4:36  Lair  
  50  4:38  Extractor  
  50  4:45  Drone x2  
  51  4:47  Drone  
  51  4:48  Evolution Chamber x2  
  50  4:53  Drone  
  50  4:57  Drone x4  
  55  5:01  Drone x4  
  59  5:08  Drone x2  
  59  5:09  Roach Warren  
  60  5:16  Zerg Missile Weapons Level 1  
  60  5:20  Drone x5  
  65  5:30  Overlord  
  65  5:35  Extractor  
  65  5:36  Extractor  
  65  5:39  Spire  
  65  5:40  Drone x8  
  65  5:41  Drone  
  65  5:42  Overseer  
  71  5:48  Overlord  
  71  6:05  Roach  
  71  6:06  Roach x6  
  85  6:13  Roach  
  85  6:14  Roach  
  85  6:16  Overlord x2  
  85  6:17  Overlord x2  
  89  6:23  Evolution Chamber  
  90  6:25  Roach  
  90  6:31  Overlord  
  90  6:32  Roach Warren  
  89  6:33  Overlord x2  
  89  6:36  Roach x3, Ravager  
  89  6:37  Ravager x2  
  98  6:41  Roach x3  
  105  6:52  Mutalisk x6  
  117  7:02  Hatchery  
  117  7:07  Mutalisk x3  
  122  7:23  Overlord x2  
  122  7:26  Roach x6  
  134  7:31  Glial Reconstitution  
  134  7:34  Overseer  
  134  7:40  Roach  
  134  7:41  Roach x5  
  146  7:52  Zerg Ground Armor Level 1  
  146  7:55  Roach  
  146  7:56  Roach x3  
  154  8:02  Burrow  
  154  8:03  Overlord  
  154  8:18  Roach  
  154  8:19  Roach x6  
  168  8:24  Roach x4  
  176  8:36  Hydralisk Den  
  175  8:49  Overlord x5  
  175  8:50  Overlord x2  
  175  9:03  Overlord x2  
  175  9:09  Ravager x4  
  180  9:10  Ravager  
  180  9:12  Roach x10  
  200  9:24  Roach x11  
  163  9:33  Roach  
  163  9:34  Roach x5  
  163  9:37  Roach  
  163  9:38  Roach  
  160  9:42  Roach  
  150  9:46  Roach x2  
  150  9:52  Roach  
  131  9:58  Roach x4  
Tags
 
Add a new tag
Caveats
  • Supply blocks, unpowered buildings, or Contaminate may cause inaccurate times.
  • Supply counts are checked every 10 seconds.